 Dungeon Crawl Stone Soup version 0.31.0-32-g396128a36d (webtiles) character file.

Game seed: 9071799663824612255

81 wortelefant the Trooper (level 4, 0/40 HPs)
             Began as a Minotaur Fighter on Apr 13, 2024.
             Killed from afar by Ijyb (10 damage)
             ... with a bolt of dispelling energy
             ... on level 3 of the Dungeon.
             The game lasted 00:06:28 (1492 turns).

wortelefant the Trooper (Minotaur Fighter)          Turns: 1492, Time: 00:06:29

Health: 0/40       AC:  7    Str: 23    XL:     4   Next: 19%
Magic:  3/3        EV:  9    Int:  5    God:
Gold:   71         SH:  4    Dex:  9    Spells: 3/3 levels left

rFire   . . .        a - +0 war axe
rCold   . . .        c - +0 buckler
rNeg    . . .        b - +0 scale mail
rPois   .            (helmet restricted)
rElec   .            (no cloak)
rCorr   .            (no gloves)
SInv    .            (no boots)
Will    .....        (no amulet) Stlth
                     (no ring)
HPRegen 0.26/turn    (no ring)
MPRegen 0.08/turn

%: no passive effects
@: attractive
A: horns 2, retaliatory headbutt
a: no special abilities


You were on level 3 of the Dungeon.
You visited 1 branch of the dungeon, and saw 3 of its levels.

You collected 71 gold pieces.

Inventory:

Hand Weapons
 a - a +0 war axe (weapon)
Armour
 b - a +0 scale mail (worn)
 c - a +0 buckler (worn)
Scrolls
 e - 3 scrolls of noise {unknown}
 f - a scroll of revelation {unknown}
 g - a scroll of amnesia {unknown}
 h - 2 scrolls of identify {unknown}
 k - 2 scrolls of teleportation {unknown}
 n - 2 scrolls of enchant weapon {unknown}
 p - a scroll of fear {unknown}
Potions
 d - 2 potions of might
 j - 2 potions of heal wounds {unknown}
 l - a potion of berserk rage {unknown}
 m - a potion of cancellation {unknown}
 o - 2 potions of haste {unknown}


   Skills:
 + Level 4.2 Fighting
 * Level 3.9 Axes
 + Level 4.2 Armour
 + Level 4.2 Shields


You had 3 spell levels left.
You didn't know any spells.
Your spell library contained the following spells:

 Spells                   Type           Power      Damage    Failure   Level
 Slow                     Hex            0%         N/A       85%         1
 Confusing Touch          Hex            0%         N/A       99%         3
 Sigil of Binding         Hex            0%         N/A       99%         3
 Vampiric Draining        Necr           0%         2d6       99%         3


Dungeon Overview and Level Annotations

Branches:
Dungeon (3/15)

Altars:

Annotations:
D:3 Ijyb


Innate Abilities, Weirdness & Mutations

You have a pair of horns on your head.
You reflexively headbutt those who attack you in melee.


Message History

Found a scroll labelled ZUBOAS YHIDYCKEU.
There is a stone staircase leading up here.
n - a scroll labelled ZUBOAS YHIDYCKEU
Found 2 silvery potions.
o - 2 silvery potions You open the door.
There is an open door here.
You open the door.
Found a scroll labelled ZOIBROCIUCH.
There is an open door here.
p - a scroll labelled ZOIBROCIUCH
Found a scroll labelled ZUBOAS YHIDYCKEU.
n - 2 scrolls labelled ZUBOAS YHIDYCKEU (gained 1) Ijyb the Twisted Goblin comes into view.
She is wielding a +0 dagger and carrying a wand of quicksilver.
Ijyb shouts!
Okay, then.
You feel very mighty all of a sudden.
Ijyb zaps a wand.
The bolt of dispelling energy misses you.
A quokka comes into view.
Ijyb zaps a wand.
The bolt of dispelling energy hits you!
Your magical effects are unravelling.
You closely miss Ijyb. Your headbutt misses Ijyb.
You feel a little less mighty now.
Ijyb screams, "It's all mine!"
Ijyb zaps a wand.
The bolt of dispelling energy hits you!
You hit Ijyb but do no damage. Ijyb hits you with a +0 dagger.
You hit Ijyb but do no damage. You block Ijyb's attack. Ijyb barely misses you.
You barely miss Ijyb. Ijyb hits you with a +0 dagger.
* * * LOW HITPOINT WARNING * * *
You closely miss Ijyb. Ijyb hits you with a +0 dagger.
* * * LOW HITPOINT WARNING * * *
It was a potion of attraction.
You feel attractive to monsters.
Ijyb screams, "Me very upset!"
You block Ijyb's attack.
You closely miss Ijyb.
Ijyb zaps a wand.
The bolt of dispelling energy hits you!
Your magical effects are unravelling.
You die...

#.###.#.# ##...##
#.# .. #.......#
##+## #.# #.
#####.### #.# .
#.# #.# . ##.## #
#.. . #...####
.## #......##
...#
#...###.###...###
###.# #..@gr.....
#.###.####.####
##...## #####


You could see Ijyb and a quokka.

Vanquished Creatures
  2 adders (D:2)
  2 dart slugs
  2 ball pythons (D:1)
  8 bats
  4 endoplasms
  A giant cockroach (D:1)
  6 goblins
  4 hobgoblins
  3 jackals (D:2)
  6 kobolds
  2 quokkas
  8 frilled lizards
  7 rats
55 creatures vanquished.

Notes
Turn   | Place    | Note
-------+----------+-------------------------------------------
     0 | D:1      | wortelefant the Minotaur Fighter began the quest for the
                  | Orb.
     0 | D:1      | Reached XP level 1. HP: 19/19 MP: 0/0
   186 | D:1      | Reached XP level 2. HP: 27/27 MP: 1/1
   331 | D:1      | Reached XP level 3. HP: 25/33 MP: 2/2
   972 | D:2      | Reached XP level 4. HP: 33/40 MP: 3/3
  1065 | D:2      | Found a faded altar of an unknown god.
  1482 | D:3      | Noticed Ijyb
  1492 | D:3      | Killed from afar by Ijyb

Illustrated notes

Levels and vault maps discovered:
D:1:      denvon_arrival_waterhouse, layout_basic,
          chequers_serial_rivers_micro_a, kennysheep_nondescript,
          minmay_lizard_pond
D:2:      layout_loops_cross, basic_ecumenical_altar
D:3:      layout_loops_corners, lemuel_crystal_altar, marbit_many_paths,
          uniq_grinder, uniq_ijyb, uniq_natasha

Skill      XL: |  1  2  3 |
---------------+----------+-----
Axes           | 3 |  3.9
Fighting       | 4 |  4.2
Armour         | 4 |  4.2
Shields        | 4 |  4.2

Action                     |  1- 3 |  4- 6 || total
---------------------------+-------+-------++-------
  Melee: War axe           |    84 |    24 ||   108
         Headbutt          |     5 |     1 ||     6
    Use: Potion            |       |     2 ||     2
 Armour: Scale mail        |    59 |    23 ||    82
  Dodge: Dodged            |    42 |    11 ||    53
  Block: Buckler           |    23 |     7 ||    30
